AoeStats
← DAN13L

Arabia

510467250Analyzed
2v2 RM · 2d ago on Oct 1, 2026· 57m 9s· 4 players
Game mode
Random Map
Map size
Medium (4 player)
Population
200
Speed
Normal
Resources
Standard
Victory
Conquest
Starting age
Dark Age
Ending age
Imperial Age
RankedLock teamsTeams togetherTeam positionsShared explorationLock speedFull tech treeHidden civsTurbo modeCheats
Victory
Defeat
🇲🇽 Franks · Mexico
1044
+15
🇦🇷 Persians · Argentina
1044
+15
🇦🇷 Berbers · Argentina
1058
-16
🇦🇷 Ethiopians · Argentina
1003
-14
ramiroale91
7:07 Loom
9:59 Feudal Age
11:17 Double-Bit Axe
18:05 Wheelbarrow
21:46 Castle Age
22:09 Bloodlines
22:28 Scale Barding Armor
22:35 Forging
23:39 Horse Collar
26:34 Chain Barding Armor
28:03 Iron Casting
30:43 Heavy Plow
31:27 Bow Saw
39:08 Imperial Age
36:56 Hand Cart
39:16 Heavy Scorpion
41:36 Heavy Camel Rider
41:49 Cavalier
42:30 Husbandry
51:12 Conscription
51:15 Gold Mining
52:54 Heavy Camel Rider
Comecaramelos
4:28 Loom
11:17 Feudal Age
12:28 Double-Bit Axe
17:49 Horse Collar
20:00 Forging
19:59 Fletching
23:29 Wheelbarrow
23:31 Gold Mining
26:24 Castle Age
25:25 Town Watch
25:53 Scale Barding Armor
28:15 Iron Casting
30:58 Husbandry
35:26 Chain Barding Armor
37:13 Scale Mail Armor
38:21 Chain Mail Armor
39:33 Hand Cart
50:26 Imperial Age
48:54 Bodkin Arrow
52:49 Blast Furnace
51:13 Cavalier
3ms
10:05 Feudal Age
10:36 Double-Bit Axe
10:34 Horse Collar
12:07 Loom
17:07 Wheelbarrow
19:05 Fletching
19:16 Padded Archer Armor
23:29 Castle Age
23:02 Bloodlines
22:56 Stone Mining
24:20 Hand Cart
24:36 Bow Saw
25:40 Elite Skirmisher
28:33 Crossbowman
29:19 Thumb Ring
30:46 Kamandaran
32:19 Pikeman
33:36 Bodkin Arrow
33:57 Leather Archer Armor
44:32 Imperial Age
48:50 Town Watch
49:17 Forging
49:13 Scale Barding Armor
49:38 Ring Archer Armor
54:32 Chemistry
56:39 Husbandry
57:16 Iron Casting
57:01 Chain Barding Armor
56:40 Heavy Camel Rider
DAN13L
1:28 Loom
9:03 Feudal Age
10:07 Loom
19:18 Castle Age
20:17 Double-Bit Axe
22:03 Bow Saw
25:04 Scale Mail Armor
26:26 Wheelbarrow
25:44 Gold Mining
26:43 Pikeman
27:52 Squires
31:48 Gambesons
33:52 Hand Cart
33:31 Stone Mining
34:47 Chain Mail Armor
35:55 Ordonnance Companies
36:43 Husbandry
38:52 Forging
39:42 Caravan
45:48 Imperial Age
45:47 Iron Casting
45:40 Scale Barding Armor
46:19 Murder Holes
47:32 Blast Furnace
47:23 Conscription
46:42 Cavalier
48:06 Chivalry
50:23 Chain Barding Armor
50:07 Halberdier
53:26 Plate Barding Armor
53:07 Paladin
53:27 Elite Throwing Axeman
56:49 Chemistry
56:32 Fletching
58:14 Plate Mail Armor
Connection lost

Rejoining the realm…

Still unreachable

The connection could not be restored.

Session expired

The server has moved on; the page needs a fresh start.